 Dungeon Crawl Stone Soup version 0.17.2-1-ge4368a0 (webtiles) character file.

100 daftwullie the Cudgeler (level 4, -9/45 HPs)
             Began as an Ogre Warper on Feb 19, 2017.
             Mangled by Sigmund
             ... wielding a +0 scythe
              (16 damage)
             ... on level 3 of the Dungeon on Feb 20, 2017.
             The game lasted 00:30:12 (2922 turns).

daftwullie the Cudgeler (Ogre Warper)               Turns: 2922, Time: 00:30:13

Health: -9/45      AC:  8    Str: 16    XL:     4   Next: 73%
Magic:  6/9        EV: 10    Int: 13    God:
Gold:   91         SH:  0    Dex:  9    Spells: 3 memorised, 4 levels left

rFire  + . .     SeeInvis .     a - +0 mace
rCold  . . .     Clarity  .     b - +0 robe
rNeg   + . .     SustAt   .     (no shield)
rPois  .         Gourm    .     k - +1 hat
rElec  .         Spirit   .     g - +1 cloak
rCorr  .         Warding  .     (gloves unavailable)
rMut   .         Stasis   .     (boots unavailable)
MR     .....                    (no amulet)
Stlth  +.........               t - ring of protection from fire
                                s - ring of positive energy

@: about to teleport, not resistant to hostile enchantments, very unstealthy
A: unfitting armour, yellow scales 1, spit poison 1, tough skin 1
a: Spit Poison


You were on level 3 of the Dungeon.
You were not hungry.

You visited 1 branch of the dungeon, and saw 3 of its levels.

You collected 91 gold pieces.

Inventory:

Hand Weapons
 a - a +0 mace (weapon)
 r - a cursed -3 short sword
Missiles
 e - 25 sling bullets
 p - 57 stones (quivered)
Armour
 b - a +0 robe (worn)
 g - a +1 cloak (worn)
 k - a +1 hat (worn)
Jewellery
 s - a ring of positive energy (left hand)
 t - a ring of protection from fire (right hand)
Scrolls
 d - a scroll of blinking
 l - a scroll of random uselessness
 u - 3 scrolls of identify
Books
 c - a book of Spatial Translocations

   Spells                             Type                      Level
   a - Apportation                    Translocation                1
   b - Blink                          Translocation                2
   c - Shroud of Golubria             Charms/Translocation         2
   d - Portal Projectile              Translocation                3
   e - Teleport Other                 Translocation                3
   f - Passage of Golubria            Translocation                4
Comestibles
 f - 2 bread rations
 q - a meat ration


   Skills:
 + Level 3.1 Fighting
 * Level 3.4 Maces & Flails
 * Level 1.4 Throwing
 - Level 2.1 Dodging
 * Level 3.3 Spellcasting
 + Level 0.4 Charms
 * Level 3.0 Translocations


You had 4 spell levels left.
You knew the following spells:

 Your Spells              Type           Power        Failure   Level  Hunger
a - Apportation           Tloc           ##........   10%         1    #......
b - Blink                 Tloc           N/A          12%         2    ##.....
c - Shroud of Golubria    Chrm/Tloc      #.........   17%         2    ##.....


Dungeon Overview and Level Annotations

Branches:
Dungeon (3/15)

Altars:

Annotations:
D:3 Purgy, Sigmund


Innate Abilities, Weirdness & Mutations

You are too large for most types of armour.
You have tough skin (AC +1).
You are partially covered in yellow scales (AC +2).
You can spit weak poison.


Message History

Something hits you but does no damage. Something hits you but does no damage.
Your transformation is almost over.
Something hits you but does no damage.
Your shroud begins to fray at the edges.
Something completely misses you.
Casting: Shroud of Golubria
Confirm with . or Enter, or press ? or * to list all spells.
You renew your shroud.
Something hits you but does no damage. Something hits you but does no damage.
Something hits you but does no damage. Something hits you but does no damage.
Something completely misses you.
You feel less woody.
Your +1 cloak unmelds from your body.
Your +1 hat unmelds from your body.
Your +0 robe unmelds from your body.
Read which item? (? for menu, Esc to quit)
As you read the scroll of teleportation, it crumbles to dust.
You feel strangely unstable. Something hits you!
You die...

*,**************,,,,
*,,,,,,,,,,,,,,,,,,,
*****,**********,,,*
*,# *****,** *.#
*,<,*,** ###.*
*,,,,,,, #..,*
**,,,**** #.#,*
*,,,,,* *
#@#,******,,,,,***
#.#,**,,,,,,,,,,**
#{#,**,***,,,,,,**
#.#,**,*<,,,,,,,**
#.#,**,*,******,**
#.#,**,*,* *,,,,,,
#.#,**,*,***,**,**
#(#,,,,,,,,,,**,*
#.#***,,,,,,,,,,*


There were no monsters in sight!

Vanquished Creatures
  4 adders
  A gnoll (D:1)
  An ooze (D:3)
  A worm (D:2)
  2 giant geckos
  3 orcs (D:3)
  2 ball pythons (D:2)
  4 bats (D:2)
  6 giant cockroaches
  4 goblins
  3 hobgoblins
  3 quokkas
  5 giant newts
  2 kobolds (D:2)
  3 rats
44 creatures vanquished.

Notes
Turn   | Place    | Note
--------------------------------------------------------------
     0 | D:1      | daftwullie the Ogre Warper began the quest for the Orb.
     0 | D:1      | Reached XP level 1. HP: 22/22 MP: 3/3
   291 | D:1      | Reached XP level 2. HP: 26/29 MP: 5/5
   298 | D:1      | Learned a level 2 spell: Blink
   301 | D:1      | Learned a level 2 spell: Shroud of Golubria
   737 | D:1      | Reached XP level 3. HP: 32/36 MP: 7/7
   886 | D:1      | Reached skill level 3 in Maces & Flails
  1222 | D:2      | Reached XP level 4. HP: 35/45 MP: 4/8
  1785 | D:2      | Gained mutation: You are partially covered in yellow scales (AC +2). [potion of mutation]
  1785 | D:2      | Gained mutation: You can spit weak poison. [potion of mutation]
  2286 | D:3      | Noticed Sigmund
  2593 | D:3      | Noticed Purgy
  2922 | D:3      | Mangled by Sigmund

Action                   |  1- 3 |  4- 6 || total
-------------------------+-------+-------++-------
Melee: Mace              |    67 |   134 ||   201
Throw: Tomahawk          |     5 |       ||     5
       Stone             |       |    21 ||    21
 Cast: Apportation       |     3 |     1 ||     4
       Shroud of Golubri |     6 |    15 ||    21
       Blink             |       |     1 ||     1
  Use: Scroll            |       |     7 ||     7
       Potion            |       |     4 ||     4
 Stab: Sleeping          |     1 |     1 ||     2
  Eat: Chunk             |     1 |     6 ||     7
       Beef jerky        |       |     1 ||     1
